 Dungeon Crawl Stone Soup version 0.29-a0-504-gec6baf379c (webtiles) character file.

Game seed: 16408435403830234417

57 Bruhh the Ruffian (level 4, -2/41 HPs)
             Began as an Ogre Transmuter on May 28, 2022.
             Slain by a gnoll
             ... wielding a +0 spear
              (5 damage)
             ... on level 2 of the Dungeon.
             The game lasted 00:02:16 (2123 turns).

Bruhh the Ruffian (Ogre Transmuter)                 Turns: 2123, Time: 00:02:17

Health: -2/41      AC:  3    Str: 13 (14) XL:     4   Next: 0%
Magic:  8/8        EV:  9    Int: 15 (16) God:
Gold:   49         SH:  0    Dex:  6 (9)  Spells: 5/9 levels left

rFire   + . .      SeeInvis .   l - +8 hunting sling of the Sky {freeze, rF+}
rCold   . . .      Faith    .   (no shield)
rNeg    . . .      Spirit   .   a - +0 robe
rPois   .          Reflect  .   (helmet restricted)
rElec   .          Harm     .   (no cloak)
rCorr   .          Rampage  .   (gloves unavailable)
Will    .....                   (boots unavailable)
Stlth   +.........              (no amulet)
HPRegen 0.13/turn               (no ring)
MPRegen 0.11/turn               (no ring)

@: no status effects
A: large, unfitting armour, tough skin 1
a: no special abilities


You were on level 2 of the Dungeon.
You visited 1 branch of the dungeon, and saw 2 of its levels.

You collected 49 gold pieces.

Inventory:

Hand Weapons
 l - the +8 hunting sling of the Sky (weapon) {freeze, rF+}
   (You found it on level 2 of the Dungeon)

   Any ammunition fired from it freezes those it strikes, dealing additional
   cold damage.
   It can also slow down cold-blooded creatures.
   rF:        It protects you from fire.
Armour
 a - a +0 robe (worn)
Scrolls
 d - a scroll of fog {unknown}
 e - a scroll of blinking {unknown}
 g - a scroll of magic mapping {unknown}
 h - a scroll of immolation {unknown}
Potions
 b - 2 potions of lignification
 c - 2 potions of degeneration
 f - a potion of brilliance {unknown}
 j - a potion of curing {unknown}
 k - a potion of flight {unknown}


   Skills:
 - Level 1.3 Fighting
 - Level 1.7 Dodging
 + Level 3.3 Unarmed Combat
 + Level 3.3 Spellcasting
 + Level 2.5 Transmutations


You had 5 spell levels left.
You knew the following spells:

 Your Spells              Type           Power      Damage    Failure   Level
a - Beastly Appendage     Tmut           20%        N/A       7%          1
b - Spider Form           Tmut/Pois      6%         N/A       34%         3

Your spell library contained the following spells:

 Spells                   Type           Power      Damage    Failure   Level
 Wereblood                Tmut           10%        N/A       10%         2
 Ice Form                 Ice/Tmut       6%         N/A       75%         4


Dungeon Overview and Level Annotations

Branches:
Dungeon (2/15)

Altars:


Innate Abilities, Weirdness & Mutations

You are too large for most types of armour.
You have tough skin. (AC +1)


Message History

You hit the gnoll.
The gnoll is poisoned.
The gnoll is heavily wounded.
You hit the gnoll.
The gnoll is lightly wounded.
The gnoll completely misses you. The gnoll closely misses you.
The gnoll misses you.
You hit the gnoll.
The gnoll is poisoned.
The gnoll is heavily wounded.
The gnoll misses you. The gnoll hits you with a +0 club. The gnoll misses you.
The gnoll hits you with a +0 club. The gnoll attacks as you move away!
The gnoll hits you with a +0 whip!
* * * LOW HITPOINT WARNING * * *
There is a stone staircase leading down here.
Your transformation is almost over.
You kill the gnoll!
You have reached level 4!
There is an open door here.
It was a potion of degeneration.
There was something very wrong with that liquid.
You feel weakened.
You feel dopey.
You feel clumsy.
Really quaff the potion of lignification?
Okay, then.
The gnoll attacks as you move away! The gnoll misses you.
Your magical contamination has completely faded away.
There is an open door here.
The gnoll attacks as you move away! The gnoll barely misses you.
You hit the gnoll but do no damage.
The gnoll looks even sicker.
The gnoll is severely wounded.
The gnoll hits you with a +0 whip!
* * * LOW HITPOINT WARNING * * *
The gnoll completely misses you.
Unknown command.
It was a potion of magic.
Magic courses through your body.
Your transformation has ended.
The +8 hunting sling of the Sky {freeze, rF+} unmelds from your body.
Your +0 robe unmelds from your body.
The +8 hunting sling of the Sky {freeze, rF+} is covered in frost.
The gnoll barely misses you.
The gnoll hits you from afar with a +0 spear.
You die...

#.##### #.....#
#.###.###### #############
#..........# #...........#
###....###.###...)........
#....'>).....)..........
#....#######............
#....##################.
#....gg@...# #....#####.#
#....# ###'##########
#....# #............#
#^...###)...........#
#.[..#.รท............#
######..............#
#...)..######### #......#


You could see 2 gnolls.

Vanquished Creatures
  2 gnolls (D:2)
  2 dart slugs (D:1)
  An endoplasm (D:2)
  A giant cockroach (D:1)
  3 goblins (D:1)
  3 hobgoblins (D:1)
  2 jackals (D:2)
  A quokka (D:1)
  5 ball pythons
  6 bats
  A frilled lizard (D:1)
  3 kobolds
  2 rats
32 creatures vanquished.

Notes
Turn   | Place    | Note
-------+----------+-------------------------------------------
     0 | D:1      | Bruhh the Ogre Transmuter began the quest for the Orb.
     0 | D:1      | Reached XP level 1. HP: 19/19 MP: 3/3
   490 | D:1      | Reached XP level 2. HP: 23/27 MP: 3/5
  1390 | D:1      | Reached XP level 3. HP: 25/33 MP: 4/7
  1667 | D:2      | Learned a level 3 spell: Spider Form
  2002 | D:2      | Identified the +8 hunting sling of the Sky {freeze, rF+}
  2116 | D:2      | Reached XP level 4. HP: 9/41 MP: 1/8
  2121 | D:2      | HP: 2/41 [gnoll/+0 whip (7)]
  2123 | D:2      | Slain by a gnoll

Illustrated notes

Levels and vault maps discovered:
D:1:      psy_arrival_whirlpool, layout_loops_corners, st_stairs_1
D:2:      layout_basic, minmay_tree_intersection, chequers_serial_rivers_micro_e

Skill      XL: |  1  2 |
---------------+-------+-----
Transmutations | 2 |  2.5
Unarmed Combat | 3 |  3.3
Spellcasting   | 3 |  3.3
Fighting       | |  1.3
Dodging        | |  1.7

Action                   |  1- 3 |  4- 6 || total
-------------------------+-------+-------++-------
Melee: Unarmed           |    95 |     1 ||    96
       Kick              |    19 |       ||    19
       Headbutt          |     9 |       ||     9
       Punch             |     1 |       ||     1
 Fire: Hunting sling     |     2 |       ||     2
 Cast: Beastly Appendage |    23 |       ||    23
       Spider Form       |     2 |       ||     2
  Use: Potion            |       |     2 ||     2
Armor: Robe              |    35 |       ||    35
Dodge: Dodged            |    62 |     4 ||    66

Table legend: (Time is in decaauts)
 A = Elapsed time spent in this place.
 B = Non-inter-level travel time spent in this place.
 C = Inter-level travel time spent in this place.
 D = Time resting spent in this place.
 E = Time spent auto-exploring this place.
 F = Levels seen in this place.
 G = Mean time per level.
                   A        B        C        D        E       F      G
               +--------+--------+--------+--------+--------+-----+--------+
         Total |   2118 |   2045 |     73 |      0 |   1759 |   2 | 1059.0 |
       Dungeon |   2118 |   2045 |     73 |      0 |   1759 |   2 | 1059.0 |
               +--------+--------+--------+--------+--------+-----+--------+

Top non-repeatable levels by time:
     D:1: 1600 daAuts
     D:2: 517 daAuts
